 Dungeon Crawl Stone Soup version 0.30.0-29-ga12c61a403 (webtiles) character file.

Game seed: 9737462080106506447

151 seaoflcl the Trooper (level 5, 0/42 HPs)
             Began as a Human Fighter on June 4, 2023.
             Slain by a gnoll
             ... wielding a +0 halberd
              (10 damage)
             ... on level 3 of the Dungeon.
             The game lasted 00:03:19 (1979 turns).

seaoflcl the Trooper (Human Fighter)                Turns: 1979, Time: 00:03:20

Health: 0/42       AC: 10    Str: 19    XL:     5   Next: 59%
Magic:  5/5        EV:  7    Int:  8    God:
Gold:   161        SH:  4    Dex: 12    Spells: 4/4 levels left

rFire   . . .        a - +0 long sword
rCold   . . .        c - +0 buckler
rNeg    . . .        m - +0 chain mail
rPois   .            (no helmet)
rElec   .            (no cloak)
rCorr   .            e - +0 pair of gloves
SInv    .            (no boots)
Will    .....        j - amulet of faith Stlth
                     f - +4 ring of slaying
HPRegen 0.27/turn    (no ring)
MPRegen 0.09/turn

%: faith
@: mighty
A: no striking features
a: no special abilities


You were on level 3 of the Dungeon.
You visited 1 branch of the dungeon, and saw 3 of its levels.

You collected 161 gold pieces.

Inventory:

Hand Weapons
 a - a +0 long sword (weapon)
Missiles
 t - 2 poisoned darts (quivered)
Armour
 c - a +0 buckler (worn)
 e - a +0 pair of gloves (worn)
 m - a +0 chain mail (worn)
Jewellery
 f - a +4 ring of slaying (left hand)
 j - an amulet of faith (around neck)
 n - an amulet of magic regeneration
 r - an amulet of guardian spirit
 v - an amulet of regeneration
Scrolls
 b - a scroll of magic mapping {unknown}
 g - a scroll of identify {unknown}
 h - a scroll of fog {unknown}
 i - a scroll of blinking {unknown}
 l - 2 scrolls of immolation {unknown}
 p - 2 scrolls of teleportation {unknown}
 x - a scroll of enchant weapon {unknown}
 y - a scroll of fear {unknown}
Potions
 d - a potion of might
 k - a potion of resistance {unknown}
 o - a potion of heal wounds
 q - a potion of degeneration {unknown}
 s - a potion of cancellation {unknown}
 u - 2 potions of curing {unknown}
 w - a potion of ambrosia {unknown}
 z - a potion of haste {unknown}


   Skills:
 + Level 3.8 Fighting
 + Level 3.6 Long Blades
 + Level 3.5 Armour
 + Level 0.3 Dodging
 + Level 0.2 Stealth
 + Level 3.6 Shields


You had 4 spell levels left.
You didn't know any spells.
Your spell library was empty.

Dungeon Overview and Level Annotations

Branches:
Dungeon (3/15)

Altars:

Shops:
D:1 (


Message History

A gnoll comes into view. It is wielding a +0 whip.
The gnoll hits you with a +0 spear!
You barely miss the gnoll. You block the gnoll's attack.
The gnoll hits you from afar with a +0 halberd.
You slash the gnoll!
The gnoll is heavily wounded.
The gnoll hits you but does no damage. The gnoll barely misses you.
You block the gnoll's attack. The gnoll attacks as you move away!
The gnoll barely misses you.
You barely miss the gnoll.
The gnoll is heavily wounded.
The gnoll hits you but does no damage.
The gnoll hits you from afar with a +0 spear!
You barely miss the gnoll.
The gnoll is heavily wounded.
The gnoll hits you but does no damage. x2
You hit the gnoll.
The gnoll is almost dead.
The gnoll hits you but does no damage.
The gnoll hits you from afar with a +0 spear!
The gnoll hits you from afar with a +0 halberd!
The gnoll hits you but does no damage.
The gnoll hits you from afar with a +0 halberd.
* * * LOW HITPOINT WARNING * * *
The gnoll hits you from afar with a +0 spear.
* * * LOW HITPOINT WARNING * * *
Okay, then.
It was a potion of heal wounds.
You feel much better. You block the gnoll's attack.
The gnoll hits you from afar with a +0 spear.
The gnoll hits you from afar with a +0 halberd!
You feel very mighty all of a sudden. The gnoll barely misses you.
The gnoll hits you from afar with a +0 spear.
The gnoll hits you from afar with a +0 halberd!
* * * LOW HITPOINT WARNING * * *
You hit the gnoll.
You kill the gnoll!
The gnoll hits you from afar with a +0 halberd!
You die...

#.............###........
#...[..................#.
#...........########.....
##........#..# #.#..÷
##......#...#######.#..÷
########.....##........
#....#.....##.##..
#.##.#.(### #.##..
#@#.......###.#... #)#
.##..........#
#gg.....#..#.....#
..#...####.......#
......## ##......# ...##
.# #......# .... .#
####......# .#... #
#.........# ##..##
###.###.....#


You could see 2 gnolls.

Vanquished Creatures
  A scorpion (D:3)
  A gnoll (D:3)
  2 adders
  A dart slug (D:2)
  An orc (D:2)
  6 ball pythons
  2 endoplasms
  8 giant cockroaches
  5 goblins
  7 hobgoblins
  11 jackals
  4 kobolds
  A quokka (D:1)
  5 bats
  2 frilled lizards
  4 rats
61 creatures vanquished.

Notes
Turn   | Place    | Note
-------+----------+-------------------------------------------
     0 | D:1      | seaoflcl the Human Fighter began the quest for the Orb.
     0 | D:1      | Reached XP level 1. HP: 18/18 MP: 1/1
    28 | D:1      | Found a faded altar of an unknown god.
   211 | D:1      | Reached XP level 2. HP: 24/24 MP: 2/2
   447 | D:1      | Reached XP level 3. HP: 29/29 MP: 3/3
   448 | D:1      | Found Galat's Antique Weapon Boutique.
  1095 | D:2      | Reached XP level 4. HP: 31/35 MP: 4/4
  1725 | D:3      | Noticed a scorpion
  1731 | D:3      | Killed a scorpion
  1732 | D:3      | Reached XP level 5. HP: 36/42 MP: 5/5
  1979 | D:3      | Slain by a gnoll

Illustrated notes

Levels and vault maps discovered:
D:1:      evilmike_arrival_hilbert_curve, layout_basic, serial_shops, shop,
          shapermc_ecumenical_altar_mp_urbaneastern, serial_bayou_pond_a,
          minmay_misc_feat_chi, serial_park_tiny_1
D:2:      layout_rooms, minmay_worlds_worst_comb
D:3:      layout_rooms

Skill      XL: |  1  2  3  4 |
---------------+-------------+-----
Long Blades    | 3 |  3.6
Fighting       | |  3.8
Armour         | |  3.5
Dodging        | |  0.3
Stealth        | |  0.2
Shields        | |  3.6

Action                     |  1- 3 |  4- 6 || total
---------------------------+-------+-------++-------
  Melee: Long sword        |    73 |    57 ||   130
    Use: Potion            |       |     2 ||     2
 Armour: Scale mail        |    31 |       ||    31
         Chain mail        |       |    35 ||    35
  Dodge: Dodged            |    43 |    16 ||    59
  Block: Buckler           |    18 |    12 ||    30
